 Dungeon Crawl Stone Soup version 0.25-a0-865-gd392131cc7 (webtiles) character file.

Game seed: 16446126978661727755, levelgen mode: deterministic

67 Anathary the Shield-Bearer (level 4, -1/29 HPs)
             Began as a Gargoyle Fighter on Apr 30, 2020.
             Slain by a gnoll
             ... wielding a +0 halberd
              (5 damage)
             ... on level 2 of the Dungeon.
             The game lasted 00:03:55 (1948 turns).

Anathary the Shield-Bearer (Gargoyle Fighter)       Turns: 1948, Time: 00:03:55

Health: -1/29      AC: 11    Str: 20    XL:     4   Next: 16%
Magic:  4/4        EV:  7    Int:  9    God:
Gold:   79         SH:  9    Dex:  9    Spells: 3/3 levels left

rFire    . . .     SeeInvis .   a - +0 long sword
rCold    . . .     Gourm    .   c - +0 kite shield
rNeg     + . .     Faith    .   b - +0 scale mail
rPois    ∞         Spirit   .   (no helmet)
rElec    +         Reflect  .   (no cloak)
rCorr    .         Harm     .   o - +0 pair of gloves
MR       .....                  (no boots)
Stlth    ..........             (no amulet)
HPRegen  0.09/turn              (no ring)
MPRegen  0.09/turn              (no ring)

@: no status effects
A: negative energy resistance 1, electricity resistance, unbreathing,
petrification resistance, rot immunity, AC +3
a: no special abilities


You were on level 2 of the Dungeon.
You were not hungry.

You visited 1 branch of the dungeon, and saw 2 of its levels.

You collected 79 gold pieces.

Inventory:

Hand Weapons
 a - a +0 long sword (weapon)
 k - a +0 dagger of freezing
Armour
 b - a +0 scale mail (worn)
 c - a +0 kite shield (worn)
 o - a +0 pair of gloves (worn)
Jewellery
 r - an uncursed ring of protection from cold {unknown}
Scrolls
 e - 3 scrolls of identify
 g - a scroll of remove curse {unknown}
 j - 3 scrolls of random uselessness {unknown}
 q - a scroll of teleportation {unknown}
Potions
 d - a potion of might
 h - a potion of haste {unknown}
 i - a potion of lignification {unknown}
 l - a potion of brilliance {unknown}
 m - a potion of magic {unknown}
 n - a potion of flight {unknown}
 p - a potion of heal wounds {unknown}
Comestibles
 f - a ration


   Skills:
 + Level 3.6 Fighting
 + Level 2.6 Long Blades
 + Level 3.9 Armour
 + Level 4.0 Shields


You had 3 spell levels left.
You didn't know any spells.
Your spell library was empty.

Dungeon Overview and Level Annotations

Branches:
Dungeon (2/15)

Altars:


Innate Abilities, Weirdness & Mutations

You are resistant to torment.
Your stone body is resilient. (AC +3)
You are immune to poison.
You resist negative energy. (rN+)
You are resistant to electric shocks. (rElec)
You can survive without breathing.
You are immune to petrification.
You are immune to rotting.


Message History

The gnoll hits you with a +0 halberd! The gnoll hits you but does no damage.
You slash the gnoll!
You kill the gnoll!
Your Shields skill increases to level 4!
You have reached level 4!
You feel clever. You block the gnoll's attack. You block the gnoll's attack.
The gnoll hits you from afar with a +0 halberd.
* * * LOW HITPOINT WARNING * * *
You see here a +0 halberd.
You barely miss the gnoll. The gnoll barely misses you.
You riposte.
You slash the gnoll!
The gnoll is heavily wounded.
The gnoll barely misses you. The gnoll hits you with a +0 spear.
* * * LOW HITPOINT WARNING * * *
Your shield and scale mail prevent you from hitting the gnoll.
The gnoll is heavily wounded.
The gnoll hits you from afar with a +0 halberd.
You die...

#.# #.# #.# #.# #.# #.#
###.# #.# #.# ...# #.#
#.# #..# #.# #.# #$.#
#.# #[# #..#
#.##########..#######.#
#..............@ggg...#
#######################


You could see 3 gnolls.

Vanquished Creatures
  A gnoll (D:2)
  An adder (D:2)
  3 worms (D:2)
  A dart slug (D:1)
  A leopard gecko (D:1)
  3 bats (D:2)
  A giant cockroach (D:1)
  7 goblins
  4 hobgoblins
  3 jackals (D:1)
  4 kobolds
  A quokka (D:2)
  3 frilled lizards
  3 rats
36 creatures vanquished.

Notes
Turn   | Place    | Note
-------+----------+-------------------------------------------
     0 | D:1      | Anathary the Gargoyle Fighter began the quest for the Orb.
     0 | D:1      | Reached XP level 1. HP: 14/14 MP: 1/1
   184 | D:1      | Reached XP level 2. HP: 14/19 MP: 2/2
  1149 | D:2      | Reached XP level 3. HP: 23/23 MP: 3/3
  1945 | D:2      | Reached skill level 4 in Shields
  1945 | D:2      | Reached XP level 4. HP: 12/29 MP: 4/4
  1948 | D:2      | Slain by a gnoll

Levels and vault maps discovered:
D:1:      roderic_dead_forest, layout_loops_corners, serial_bayou,
          serial_bayou_lagoon_a, serial_bayou_pond_c, serial_bayou_pond_c,
          serial_bayou_lake_a
D:2:      layout_basic

Skill      XL: |  1  2  3 |
---------------+----------+-----
Long Blades    | 2 |  2.6
Shields        | 4 |  4.0
Fighting       | |  3.6
Armour         | |  3.9

Action                   |  1- 3 |  4- 6 || total
-------------------------+-------+-------++-------
Melee: Long sword        |   147 |     2 ||   149
  Use: Scroll            |     1 |       ||     1
  Eat: Ration            |     1 |       ||     1
Armor: Scale mail        |    73 |       ||    73
Dodge: Dodged            |    47 |     2 ||    49
Block: Kite shield       |    70 |     2 ||    72
       Rpst.: Long sword |    24 |     1 ||    25

Table legend:
 A = Non-vault XP
 B = Vault XP
 C = Vault XP percentage of total XP
 D = Non-vault monster count
 E = Vault monster count
 F = Vault count percentage of total count
                 A         B        C        D         E       F
            +---------+---------+-------+---------+---------+-------
      Total |      96 |       0 |   0.0 |      36 |       0 |   0.0
            +---------+---------+-------+---------+---------+-------
        D:1 |      29 |       0 |   0.0 |      15 |       0 |   0.0
        D:2 |      67 |       0 |   0.0 |      21 |       0 |   0.0
            +---------+---------+-------+---------+---------+-------
